 Dungeon Crawl Stone Soup version 0.32-a0-975-g85d4e5bfdb (webtiles) character file.

Game seed: 7077030527828063801

3595 kae the Mimic (level 9, -15/59 HPs)
             Began as a Demonspawn Shapeshifter on Apr 18, 2024.
             Was a Follower of Wu Jian.
             Demolished by Harold
             ... wielding a +0 short sword
              (19 damage)
             ... on level 9 of the Dungeon.
             The game lasted 00:09:11 (7933 turns).

kae the Mimic (Demonspawn Shapeshifter)             Turns: 7933, Time: 00:09:12

Health: -15/59     AC:  2    Str: 18    XL:     9   Next: 85%
Magic:  9/9        EV: 13    Int: 11    God:    Wu Jian [*.....]
Gold:   227        SH:  0    Dex: 16    Spells: 7/8 levels left

rFire   + .          .
                       - Unarmed
rCold   . . .        (no shield)
rNeg    . . .        a - melded +1 animal skin
rPois   .            (no helmet)
rElec   .            K - +0 cloak
rCorr   +            (no gloves)
SInv    .            M - +0 pair of boots of Mun Att {rF+ rCorr Str+3}
Will    .....        g - amulet of regeneration
Stlth   +            (no ring)
HPRegen 1.09/turn    (no ring)
MPRegen 0.11/turn

%: no passive effects
@: maw-form
A: devouring maw, reduced hp, hooves 1, spiny 1, condensation shield, weakness
stinger 1, demonic touch 1
a: Begin Untransformation, Renounce Religion


You were on level 9 of the Dungeon.
You worshipped Wu Jian.
Wu Jian was aware of your devotion.
You were a creature with a mouth for a stomach.
You visited 2 branches of the dungeon, and saw 10 of its levels.
You also visited: Sewer.

You collected 464 gold pieces.
You spent 237 gold pieces at shops.


Innate Abilities, Weirdness & Mutations

You are a creature with a mouth for a stomach.
Your midsection houses a second, enormous mouth.
Your maximum health is decreased, since you lack skill for your form.
You have large cloven feet.
You are partially covered in sharp spines.
A meltable shield of frost defends you. (SH +0)
You have a small tail.
Your touch may inflict minor irresistible damage on your foes.


   Skills:
 + Level 4.4 Fighting
 + Level 4.3 Dodging
 + Level 7.1 Unarmed Combat
 - Level 2.0 Translocations
 * Level 9.0 Shapeshifting


You had 7 spell levels left.
You knew the following spells:

 Your Spells              Type           Power      Damage    Failure   Level
a - Apportation           Tloc           8%         N/A       16%         1

Your spell library contained the following spells:

 Spells                   Type           Power      Damage    Failure   Level
 Jinxbite                 Hex            0%         N/A       47%         2
 Mercury Vapours          Alch/Air       0%         N/A       47%         2
 Mephitic Cloud           Conj/Alch/Air  0%         N/A       71%         3
 Animate Dead             Necr           0%         N/A       98%         4
 Alistair's Intoxication  Alch           0%         N/A       100%        5
 Borgnjor's Vile Clutch   Necr/Erth      0%         N/A       100%        5
 Freezing Cloud           Conj/Ice/Air   0%         6-21      100%        5
 Death Channel            Necr           0%         N/A       100%        6

Inventory:

Missiles
 j - 21 poisoned darts
 t - 7 boomerangs
 v - 5 silver javelins
 y - a throwing net {=f!f}
 F - a curare-tipped dart {=f}
 I - 113 stones (quivered)
Armour
 a - a +1 animal skin (melded)
 H - a +0 pair of gloves
   (You found it on level 6 of the Dungeon)
 K - a +0 cloak (worn)
   (You took it off Crazy Yiuf on level 7 of the Dungeon)
 L - a +0 ring mail
   (You took it off an orc on level 7 of the Dungeon)
 M - the +0 pair of boots of Mun Att (worn) {rF+ rCorr Str+3}
   (You bought it in a shop on level 4 of the Dungeon)

   Str+3:     It affects your strength (+3).
   rF+:       It protects you from fire.
   rCorr:     It protects you from acid and corrosion.
Magical Staves
 f - a staff of earth {!a}
   (You found it on level 3 of the Dungeon)
 r - a staff of cold {!a}
   (You took it off a gnoll on level 3 of the Dungeon)
Jewellery
 g - an amulet of regeneration (around neck)
   (You found it on level 7 of the Dungeon)
 C - a ring of ice
   (You found it on level 6 of the Dungeon)
Talismans
 c - a beast talisman
 d - a flux talisman
 k - a maw talisman (active)
   (You found it on level 1 of the Dungeon)
 E - a blade talisman
   (You found it on level 5 of the Dungeon)
Wands
 q - a wand of flame (31)
   (You found it on level 5 of the Dungeon)
 D - a wand of iceblast (13)
   (You found it on level 6 of the Dungeon)
 J - a wand of quicksilver (10)
   (You took it off Jeremiah on level 7 of the Dungeon)
Scrolls
 e - a scroll of torment {!r}
 m - a scroll of noise {!r}
 s - 2 scrolls of teleportation {@r4}
 x - 4 scrolls of blinking {!r}
 A - a scroll of vulnerability {!r!r}
 B - a scroll of silence {!r}
 O - a scroll of brand weapon
Potions
 b - a potion of lignification {!q}
 h - 6 potions of heal wounds {unknown}
 i - 2 potions of enlightenment
 l - 3 potions of cancellation {unknown}
 n - 4 potions of might
 o - 2 potions of mutation {!q}
 p - 2 potions of haste {@q3}
 u - a potion of ambrosia
 w - a potion of berserk rage {unknown}
 z - 5 potions of curing {unknown}
 G - a potion of invisibility
 N - a potion of degeneration {!q}
 P - a potion of attraction {!q}

Dungeon Overview and Level Annotations

Branches:
Dungeon (9/15) Zot: 26937  Temple (1/1) D:4 Zot: 5977   Sewer (visited)
   Lair: D:8-11         Orc: D:9-12

Altars:
Ashenzari
Cheibriados
Dithmenos
Fedhas
Gozag
Hepliaklqana
Kikubaaqudgha
Makhleb
Nemelex Xobeh
Okawaru
Ru
Sif Muna
Trog
Uskayaw
Vehumet
Wu Jian
Xom
Yredelemnul

Shops:
D:4 ([=

Annotations:
D:9 Harold

........[..................
..D............................
...............................
...............................
.........gยง....................
...............................
........##...##................
.......$##...##..........).....
.............@W................
...........#...)...............
#.............).<<<............
#####.#.##...##..##############
#...##...##.## ##..........#
#.....###### #######


You could see Harold and a gnoll.


Message History

You open the door.
There is an open door here.
There is a stone staircase leading down here.
You climb downwards.
Found a scroll of brand weapon.
Found two stone staircases leading up.
There is a stone staircase leading up here.
Key pressed, stopping travel.
O - a scroll of brand weapon You see here a +0 heavy quarterstaff.
There is a stone staircase leading up here.
There is a stone staircase leading up here.
You now have 227 gold pieces (gained 13).
A steam dragon and a gnoll come into view.
There are monsters nearby!
A gnoll comes into view. It is wielding a +0 spear.
Harold and a gnoll come into view.
Harold is wielding a +0 short sword and quivering 2 throwing nets.
The gnoll is wielding a +1 heavy halberd.
The gnoll shouts! x3
A gnoll sergeant comes into view. It is wielding a +0 spear.
There is a stone staircase leading up here.
You lunge at the gnoll.
You barely miss the gnoll. You bite the gnoll.
The gnoll is struck by your spines. The gnoll hits you with a +0 spear.
The gnoll barely misses you. ๐Ÿ˜• HP[-6]
You take 6 damage, and now have 53/59 hp.
You punch the gnoll!
You devour the gnoll!
You feel better.
You kill the gnoll!
The Council accepts your kill.
The gnoll barely misses you. ๐Ÿ˜• HP[+5]
You regained 5 hp, and now have 58/59 hp.
You hit the gnoll. You bite the gnoll, but do no damage.
The gnoll barely misses you. The gnoll misses you. ๐Ÿ˜Ž HP[+1]
Your hp is fully restored (59).
You lunge at the gnoll, in a flurry of attacks.
The steam dragon hisses angrily.
You punch the gnoll!
You touch the gnoll.
You devour the gnoll!
You feel better.
You kill the gnoll!
The Council accepts your kill.
You spin and attack the gnoll.
You closely miss the gnoll. The gnoll is struck by your spines.
The gnoll hits you with a +0 halberd. ๐Ÿ˜• HP[-5]
You take 5 damage, and now have 54/59 hp.
You barely miss the gnoll. You bite the gnoll.
You devour the gnoll!
You feel better.
You kill the gnoll!
The Council accepts your kill. The steam dragon breathes steam at you.
The ball of steam hits you!
Your condensation shield dissipates!
You resist.
You hear a shout! x2 ๐Ÿ˜• HP[-3]
You take 3 damage, and now have 51/59 hp. ๐Ÿ˜• HP[+1]
There is a stone staircase leading up here. ๐Ÿ˜• HP[+2]
You regained 2 hp, and now have 54/59 hp.
There is a stone staircase leading up here. ๐Ÿ˜• HP[+1]
You start resting. ๐Ÿ˜• HP[+1] Harold is engulfed in a cloud of scalding steam.
Harold fires a harpoon shot at you. The harpoon shot misses you.
There is a stone staircase leading up here. ๐Ÿ˜• HP[+1] ๐Ÿ˜• HP[+1]
A gnoll comes into view. It is wielding a +4 spear of venom.
You see here a +0 halberd. ๐Ÿ˜Ž HP[+1]
Your hp is fully restored (59).
Harold is struck by your spines.
Harold hits you with a +0 short sword!! ๐Ÿ˜ฎ HP[-19]
You take 19 damage, and now have 40/59 hp.
MASSIVE DAMAGE!! (PAUSE)
You hit Harold. You tail-slap Harold. You bite Harold!
A gnoll comes into view. It is wielding a +0 spear.
Harold hits you with a +0 short sword!
* * * LOW HITPOINT WARNING * * *
๐Ÿ˜จ HP[-12]
You take 12 damage, and now have 28/59 hp.
MASSIVE DAMAGE!! (PAUSE)
You punch Harold! Your bite misses Harold. Harold is struck by your spines.
Harold hits you with a +0 short sword.
* * * LOW HITPOINT WARNING * * *
๐Ÿ˜จ HP[-5]
You take 5 damage, and now have 23/59 hp.
Unknown command.
You hit Harold. Harold hits you with a +0 short sword!!
* * * LOW HITPOINT WARNING * * *
๐Ÿ˜ฑ HP[-20]
You take 20 damage, and now have 3/59 hp.
MASSIVE DAMAGE!! (PAUSE)
You hit Harold.
You touch Harold!
You bite Harold, but do no damage. Harold hits you with a +0 short sword!!
You die...
Harold says, "Can't wait to tell my little ones about this."

Skill      XL: |  1  2  3  4  5  6  7  8  9 |
---------------+----------------------------+-----
Shapeshifting  | 3 4 5 6 8 9 |  9.0
Unarmed Combat | 3 4 5 6 7 |  7.1
Translocations | 1 2 |  2.0
Dodging        | 3 4 |  4.3
Fighting       | 2 4 |  4.4

Action                     |  1- 3 |  4- 6 |  7- 9 || total
---------------------------+-------+-------+-------++-------
  Melee: Unarmed           |    78 |   159 |   142 ||   379
         Touch             |     7 |    39 |    24 ||    70
         Punch             |       |     3 |     4 ||     7
         Tailslap          |       |       |    17 ||    17
         Kick              |       |       |    22 ||    22
         Maw               |       |       |     5 ||     5
Ability: Lunge             |       |     1 |    24 ||    25
         Whirlwind         |       |       |     6 ||     6
  Evoke: Wand              |       |       |     3 ||     3
    Use: Scroll            |     1 |    14 |     7 ||    22
         Potion            |       |       |     1 ||     1
   Stab: Sleeping          |     1 |       |     1 ||     2
         Distracted        |       |       |     1 ||     1
 Armour: Animal skin       |    43 |    55 |    71 ||   169
         Skin              |       |       |     8 ||     8
  Dodge: Dodged            |    32 |    60 |    76 ||   168
  Block: Other             |       |    15 |    20 ||    35
   Form: Beast             |       |     1 |       ||     1
         Flux              |       |     1 |       ||     1
         Blade             |       |       |     1 ||     1
         Maw               |       |       |     1 ||     1

Levels and vault maps discovered:
D:1:      minmay_arrival_semitransparent, layout_loops_corners,
          hellmonk_ecumenical_altar_prayer_group
D:2:      layout_loops_cross, hex_medium, nicolae_half_adder
D:3:      layout_rooms, mainiacjoe_overflow_six_doors_small,
          gup_sewer_entry_bubbles, minmay_misc_feat_more_columns,
          hangedman_decor_points, bh_walls_and_bars
D:4:      layout_cave_pools, temple_doors_e, serial_shops, shop, shop,
          nicolae_shop_tiny_waterfront
D:5:      layout_rooms
D:6:      layout_loops_ring, kennysheep_ying_yang, kennysheep_okawaru_gauntlet,
          mainiacjoe_overflow_boulevard
D:7:      layout_rooms, uniq_jeremiah, uniq_crazy_yiuf_cottage
D:8:      layout_gridville, nzn_life_drinkers
D:9:      layout_big_octagon, nicolae_qazlal_general_emergency, serial_library,
          serial_library_hellmonk_narrow_alcove,
          serial_library_hellmonk_secret_room,
          serial_library_hellmonk_open_square,
          serial_library_hellmonk_hallway_b,
          serial_library_regret_index_branch_corner,
          serial_library_hellmonk_layered_room, uniq_erolcha, uniq_harold
Temple:   lightli_temple_of_artemis

Notes
Turn   | Place    | Note
-------+----------+-------------------------------------------
     0 | D:1      | kae the Demonspawn Shapeshifter began the quest for the
                  | Orb.
     0 | D:1      | Reached XP level 1. HP: 15/15 MP: 1/1
     0 | D:1      | magus.rc [v1.11.3]
   262 | D:1      | Found a faded altar of an unknown god.
   266 | D:1      | Reached skill level 3 in Shapeshifting
   267 | D:1      | HP: 3/15 [goblin/+0 club (3)]
   269 | D:1      | You feel monstrous as your demonic heritage exerts itself.
   269 | D:1      | Discovered your monstrous ancestry.
   269 | D:1      | Gained mutation: Your touch may inflict minor irresistible
                  | damage on your foes. [demonic ancestry]
   269 | D:1      | Reached XP level 2. HP: 5/21 MP: 2/2
   962 | D:2      | Reached skill level 3 in Unarmed Combat
  1154 | D:2      | Gained mutation: You are partially covered in sharp spines.
                  | [demonic ancestry]
  1154 | D:2      | Reached XP level 3. HP: 21/26 MP: 3/3
  1397 | D:2      | Reached XP level 4. HP: 32/32 MP: 4/4
  1795 | D:3      | Reached skill level 4 in Shapeshifting
  1814 | D:3      | Found a glowing drain.
  1822 | Sewer    | Entered a sewer
  2019 | Sewer    | Gained mutation: A meltable shield of frost defends you.
                  | (SH +0) [demonic ancestry]
  2019 | Sewer    | Reached XP level 5. HP: 37/37 MP: 5/5
  2225 | Sewer    | Reached skill level 4 in Unarmed Combat
  2524 | D:3      | You pick up a book of Party Tricks and begin reading...
  2524 | D:3      | You add the spells Apportation, Jinxbite and Alistair's
                  | Intoxication to your library.
  2785 | D:3      | Reached XP level 6. HP: 14/43 MP: 6/6
  2940 | D:3      | Found a snail-covered altar of Cheibriados.
  3141 | D:3      | Reached skill level 5 in Shapeshifting
  3237 | D:4      | Found Tiuc's Antique Weapon Shoppe.
  3460 | D:4      | Found Lairio's Jewellery Boutique.
  3471 | D:4      | Found Pischal's Antique Armour Shoppe.
  3630 | D:4      | Found a staircase to the Ecumenical Temple.
  3635 | Temple   | Entered the Ecumenical Temple
  3646 | Temple   | Became a worshipper of the Wu Jian Council
  3779 | D:5      | Entered Level 5 of the Dungeon
  3796 | D:5      | Learned a level 1 spell: Apportation
  3864 | D:5      | Reached skill level 1 in Translocations
  3864 | D:5      | Gained mutation: You have a small tail. [demonic ancestry]
  3864 | D:5      | Reached XP level 7. HP: 40/48 MP: 7/7
  3896 | D:5      | Noticed a yak
  3896 | D:5      | Noticed a yak
  3896 | D:5      | Noticed a yak
  3907 | D:5      | Killed a yak
  3908 | D:5      | Reached skill level 6 in Shapeshifting
  3909 | D:5      | HP: 7/48 [yak (10)]
  3910 | D:5      | Killed a yak
  3911 | D:5      | Reached skill level 5 in Unarmed Combat
  3911 | D:5      | Reached skill level 2 in Translocations
  3913 | D:5      | Killed a yak
  4161 | D:5      | Gained mutation: You have large cloven feet. [demonic
                  | ancestry]
  4161 | D:5      | Reached XP level 8. HP: 49/54 MP: 8/8
  4331 | D:5      | Reached skill level 7 in Shapeshifting
  4566 | D:6      | Noticed a two-headed ogre
  4782 | D:6      | Found an opulent altar of Gozag.
  4783 | D:6      | Reached skill level 2 in Dodging
  4981 | D:6      | Reached * piety under Wu Jian
  4982 | D:6      | Reached skill level 6 in Unarmed Combat
  5038 | D:6      | Found an iron altar of Okawaru.
  5055 | D:6      | HP: 8/41 [goblin/+3 spear (8)]
  5271 | D:6      | You pick up a book of Vapours and begin reading...
  5271 | D:6      | You add the spells Mercury Vapours, Mephitic Cloud and
                  | Freezing Cloud to your library.
  5388 | D:6      | Killed a two-headed ogre
  5389 | D:6      | Reached skill level 2 in Fighting
  5389 | D:6      | Reached skill level 3 in Dodging
  5389 | D:6      | Reached skill level 8 in Shapeshifting
  5389 | D:6      | Reached XP level 9. HP: 42/62 MP: 9/9
  5696 | D:6      | Found a basalt altar of Yredelemnul.
  5785 | D:7      | Reached skill level 3 in Fighting
  6038 | D:7      | Noticed Jeremiah
  6049 | D:7      | HP: 12/53 [killer bee (2)]
  6053 | D:7      | HP: 5/53 [poisoned by a killer bee]
  6057 | D:7      | HP: 2/53 [poisoned by a killer bee]
  6441 | D:7      | HP: 11/53 [Jeremiah/bolt of dispelling energy (11)]
  6442 | D:7      | Killed Jeremiah
  6697 | D:7      | Found a runed translucent door.
  6698 | D:7      | Noticed Crazy Yiuf
  6779 | D:7      | Killed Crazy Yiuf
  6936 | D:4      | Bought a pair of jewelled boots for 237 gold pieces
  6936 | D:4      | Identified the +0 pair of boots of Mun Att {rF+ rCorr
                  | Str+3} (You bought it in a shop on level 4 of the Dungeon)
  7098 | D:8      | Reached skill level 4 in Fighting
  7098 | D:8      | Reached skill level 4 in Dodging
  7164 | D:8      | Reached skill level 7 in Unarmed Combat
  7221 | D:8      | You pick up a book of Unlife and begin reading...
  7221 | D:8      | You add the spells Animate Dead, Borgnjor's Vile Clutch and
                  | Death Channel to your library.
  7641 | D:8      | Reached skill level 9 in Shapeshifting
  7907 | D:9      | Noticed Harold
  7932 | D:9      | HP: 3/59 [Harold/+0 short sword (21)]
  7933 | D:9      | Demolished by Harold

Vanquished Creatures
  A two-headed ogre (D:6)
  Jeremiah (D:7)
  A vampire (D:8)
  3 yaks (D:5)
  A steam dragon (D:8)
  A water moccasin (D:5)
  A black bear (D:8)
  A sky beast (D:6)
  2 centaurs
  A phantom (D:5)
  2 bullfrogs (D:7)
  A kobold brigand (D:6)
  A gnoll sergeant (D:8)
  2 scorpions
  5 killer bees (D:7)
  2 bombardier beetles (D:6)
  Crazy Yiuf (D:7)
  A sleepcap (D:4)
  7 hounds
  4 iguanas
  3 orc wizards
  14 gnolls
  9 adders
  5 river rats
  2 ufetubi (D:6)
  4 dart slugs
  4 ribbon worms
  15 orcs
  8 endoplasms
  4 giant cockroaches
  9 goblins
  5 hobgoblins
  6 jackals
  5 quokkas
  10 ball pythons
  3 bats
  A frilled lizard (D:3)
  23 kobolds
  31 rats
200 creatures vanquished.

Table legend:
 A = Non-vault XP
 B = Vault XP
 C = Vault XP percentage of total XP
 D = Non-vault monster count
 E = Vault monster count
 F = Vault count percentage of total count
                 A         B        C        D         E       F
            +---------+---------+-------+---------+---------+-------
      Total |    4272 |     865 |  16.8 |     132 |      68 |  34.0
            +---------+---------+-------+---------+---------+-------
        D:1 |      15 |       6 |  28.6 |       9 |       3 |  25.0
        D:2 |      61 |      26 |  29.9 |      24 |       2 |   7.7
        D:3 |     103 |      45 |  30.4 |      21 |       7 |  25.0
        D:4 |     113 |       0 |   0.0 |      13 |       0 |   0.0
        D:5 |    1248 |       0 |   0.0 |      16 |       0 |   0.0
        D:6 |    1325 |       4 |   0.3 |      18 |       2 |  10.0
        D:7 |     732 |     441 |  37.6 |      15 |       2 |  11.8
        D:8 |     632 |     205 |  24.5 |      13 |       1 |   7.1
        D:9 |      43 |       0 |   0.0 |       3 |       0 |   0.0
      Sewer |       0 |     138 | 100.0 |       0 |      51 | 100.0
            +---------+---------+-------+---------+---------+-------

Skill      XL: |  1  2  3  4  5  6  7  8  9 |
---------------+----------------------------+-----
Shapeshifting  | 3 4 5 6 8 9 |  9.0
Unarmed Combat | 3 4 5 6 7 |  7.1
Translocations | 1 2 |  2.0
Dodging        | 3 4 |  4.3
Fighting       | 2 4 |  4.4

Action                     |  1- 3 |  4- 6 |  7- 9 || total
---------------------------+-------+-------+-------++-------
  Melee: Unarmed           |    78 |   159 |   142 ||   379
         Touch             |     7 |    39 |    24 ||    70
         Punch             |       |     3 |     4 ||     7
         Tailslap          |       |       |    17 ||    17
         Kick              |       |       |    22 ||    22
         Maw               |       |       |     5 ||     5
Ability: Lunge             |       |     1 |    24 ||    25
         Whirlwind         |       |       |     6 ||     6
  Evoke: Wand              |       |       |     3 ||     3
    Use: Scroll            |     1 |    14 |     7 ||    22
         Potion            |       |       |     1 ||     1
   Stab: Sleeping          |     1 |       |     1 ||     2
         Distracted        |       |       |     1 ||     1
 Armour: Animal skin       |    43 |    55 |    71 ||   169
         Skin              |       |       |     8 ||     8
  Dodge: Dodged            |    32 |    60 |    76 ||   168
  Block: Other             |       |    15 |    20 ||    35
   Form: Beast             |       |     1 |       ||     1
         Flux              |       |     1 |       ||     1
         Blade             |       |       |     1 ||     1
         Maw               |       |       |     1 ||     1

Illustrated notes

Table legend:
 A = Kills in this place as a percentage of kills in the entire game.
 B = Kills by you in this place as a percentage of kills by you in the entire game.
 C = Kills by friends in this place as a percentage of kills by friends in the entire game.
 D = Other kills in this place as a percentage of other kills in the entire game.
 E = Experience gained in this place as a percentage of experience gained in the entire game.
 F = Experience gained in this place divided by the number of levels of this place that you have seen.
                   A       B       C       D       E      F
               +-------+-------+-------+-------+-------+----------------------
         Total | 100.0 | 100.0 |   N/A |   N/A | 100.0 | 467.0
       Dungeon |  74.5 |  74.5 |   N/A |   N/A |  97.3 | 555.4
         Sewer |  25.5 |  25.5 |   N/A |   N/A |   2.7 | 138.0
               +-------+-------+-------+-------+-------+----------------------

Table legend: (Time is in decaauts)
 A = Elapsed time spent in this place.
 B = Non-inter-level travel time spent in this place.
 C = Inter-level travel time spent in this place.
 D = Time resting spent in this place.
 E = Time spent auto-exploring this place.
 F = Levels seen in this place.
 G = Mean time per level.
                   A        B        C        D        E       F      G
               +--------+--------+--------+--------+--------+-----+--------+
         Total |   7952 |   7427 |    525 |    739 |   5441 |  11 |  722.9 |
       Dungeon |   7281 |   6778 |    503 |    729 |   5027 |   9 |  809.0 |
        Temple |     22 |      1 |     21 |      0 |      0 |   1 |   22.0 |
         Sewer |    648 |    648 |      0 |     10 |    414 |   1 |  648.0 |
               +--------+--------+--------+--------+--------+-----+--------+

Top non-repeatable levels by time:
     D:6: 1301 daAuts
     D:7: 1021 daAuts
     D:1: 957 daAuts
     D:3: 901 daAuts
     D:8: 880 daAuts
     D:5: 834 daAuts
     D:2: 696 daAuts
   Sewer: 648 daAuts
     D:4: 627 daAuts
     D:9: 62 daAuts
  Temple: 22 daAuts
